Map: Thunderbird LE

Players

Fenix

  • Race: Protoss Protoss
  • League: Diamond
  • Spawn Location: 5:00

Mez - Winner!

  • Race: Terran Terran
  • League: Diamond
  • Spawn Location: 11:00

VOD

Have the link to the VOD?

Description

Time

  • Played on: July 27, 2019, 11:25 p.m.
  • Length: 7:32
Show
View Real Time Build Order
Export as new Build Order

Fenix Protoss 

Build Orders:  

Get SALT Encoding   

  12  0:01  Probe  
  13  0:13  Probe  
  14  0:19  Pylon  
  14  0:25  Probe  
  15  0:34  Probe  
  15  0:39  Gateway  
  15  0:42  Probe  
  17  0:52  Assimilator, Probe  
  17  0:56  Assimilator  
  18  1:08  Probe  
  19  1:16  Probe  
  19  1:19  Pylon  
  19  1:24  Probe  
  20  1:28  Cybernetics Core  
  21  1:36  Probe  
  22  1:49  Probe  
  22  1:52  Pylon  
  23  2:04  Adept  
  23  2:05  Warp Gate  
  25  2:10  Robotics Facility  
  25  2:17  Robotics Facility  
  25  2:37  Pylon  
  25  2:43  Probe  
  25  2:49  Immortal  
  25  3:04  Warp Prism  
  31  3:08  Shield Battery  
  33  3:13  Adept  
  33  3:22  Shield Battery  
  33  3:27  Pylon  
  33  3:46  Immortal  
  37  4:01  Immortal  
  41  4:09  Shield Battery  
  41  4:21  Shield Battery  
  41  4:25  Warp Prism  
  39  4:39  Immortal  
  34  5:01  Probe  
  35  5:09  Immortal  
  39  5:25  Immortal  
  43  5:53  Immortal  
  43  5:59  Gateway  
  43  6:00  Sentry  
  43  6:01  Immortal  
  49  6:39  Immortal  
  39  6:42  Warp Prism  
  31  7:01  Stalker  
  31  7:02  Stalker  
  32  7:10  Probe  
  31  7:27  Stalker  
Show
View Real Time Build Order
Export as new Build Order

Mez Terran - Winner!

Build Orders: Reaper Expand 

Get SALT Encoding   

  12  0:01  SCV  
  13  0:13  SCV  
  14  0:17  Supply Depot  
  14  0:25  SCV  
  15  0:39  SCV  
  15  0:41  Barracks  
  16  0:44  Refinery  
  16  0:51  SCV  
  17  1:03  SCV  
  18  1:15  SCV  
  19  1:29  Reaper, Orbital Command  
  20  1:40  Command Center  
  20  1:50  Barracks  
  20  1:55  SCV  
  21  2:01  Barracks Reactor  
  21  2:07  Barracks  
  21  2:10  SCV  
  22  2:18  Supply Depot  
  22  2:23  SCV  
  22  2:28  Engineering Bay  
  23  2:39  Marine x2  
  23  2:40  Barracks Tech Lab  
  25  2:48  Bunker, SCV  
  26  2:56  Orbital Command  
  26  2:57  Marine  
  26  2:58  Marine  
  28  3:10  SCV  
  28  3:11  Marine  
  28  3:12  Combat Shield  
  30  3:18  Terran Infantry Weapons Level 1  
  30  3:23  Marine  
  30  3:24  Marine x2  
  33  3:31  Marine  
  33  3:39  SCV x2  
  34  3:41  Marine  
  34  3:42  Marine x2  
  37  3:49  Marine  
  38  3:59  Marine  
  38  4:00  Marine x2  
  40  4:04  SCV  
  40  4:05  SCV  
  40  4:07  Marine  
  40  4:09  Factory  
  40  4:17  Marine  
  40  4:18  Marine x2  
  43  4:24  Marine  
  42  4:35  Marine  
  42  4:36  Marine x2  
  42  4:40  Stimpack  
  42  4:42  Marine  
  37  4:46  SCV x2  
  37  4:52  Marine  
  38  4:54  Marine  
  38  4:55  Marine  
  38  4:58  SCV x2  
  43  5:00  Marine  
  43  5:06  Refinery  
  44  5:10  SCV  
  44  5:13  Starport  
  45  5:14  SCV  
  45  5:17  Supply Depot  
  45  5:22  SCV  
  45  5:27  Factory Reactor  
  46  5:38  SCV x2, Marine x4  
  46  5:39  Supply Depot  
  48  5:51  SCV x2  
  48  5:56  Marine x3  
  52  6:02  Supply Depot  
  52  6:03  SCV x2  
  54  6:12  Medivac x2  
  54  6:13  Marine  
  54  6:14  Marine  
  54  6:15  SCV x2  
  62  6:18  Command Center  
  62  6:25  Barracks Reactor  
  62  6:26  Barracks Tech Lab  
  62  6:28  SCV x2  
  62  6:31  Refinery  
  62  6:41  Marine x2  
  62  6:42  Marine  
  62  6:43  Medivac  
  62  6:46  SCV x2  
  67  7:00  Marine x3  
  69  7:01  SCV x2  
  70  7:19  Barracks x2  
Tags
 
Add a new tag
Caveats
  • Supply blocks, unpowered buildings, or Contaminate may cause inaccurate times.
  • Supply counts are checked every 10 seconds.